 Dungeon Crawl Stone Soup version 0.19-a0-1889-g9c603be (webtiles) character file.

613 LORDOFBUTT the Chopper (level 7, -1/53 HPs)
             Began as a Formicid Fighter on Oct 17, 2016.
             Killed by nerve-wracking pain
             ... invoked by an orc priest
              (8 damage)
             ... on level 5 of the Dungeon.
             The game lasted 00:03:54 (3510 turns).

LORDOFBUTT the Chopper (Formicid Fighter)           Turns: 3510, Time: 00:03:55

Health: -1/53      AC:  7    Str: 20 (21) XL:     7   Next: 72%
Magic:  7/7        EV:  8    Int:  9      God:
Gold:   273        SH:  9    Dex: 10 (12) Spells: 0 memorised, 6 levels left

rFire  + . .     SeeInvis +     k - +0 war axe (flame)
rCold  . . .     Gourm    .     b - +0 scale mail
rNeg   . . .     Faith    .     c - +0 shield
rPois  .         Spirit   .     (helmet unavailable)
rElec  .         Reflect  .     (no cloak)
rCorr  .         Harm     .     (no gloves)
MR     .....                    (no boots)
Stlth  ..........               (no amulet)
                                (no ring)
                                x - ring of protection from fire

@: no status effects
A: permanent stasis, dig shafts and tunnels, four strong arms, antennae 3,
rugged brown scales 1, clever 1, deterioration 1
a: Dig, Shaft Self


You were on level 5 of the Dungeon.
You were not hungry.

You visited 1 branch of the dungeon, and saw 5 of its levels.

You collected 273 gold pieces.

Inventory:

Hand Weapons
 a - a +0 war axe
 k - a +0 war axe of flaming (weapon)
Armour
 b - a +0 scale mail (worn)
 c - a +0 shield (worn)
Jewellery
 x - a ring of protection from fire (left hand)
Wands
 j - a wand of random effects (20/48)
Scrolls
 g - a scroll of fear {unknown}
 i - 5 scrolls of identify {unknown}
 l - a scroll of magic mapping {unknown}
 m - a scroll of amnesia {unknown}
 n - a scroll of enchant armour {unknown}
 p - a scroll of blinking {unknown}
 s - a scroll of noise {unknown}
 u - a scroll of immolation {unknown}
 v - 2 scrolls of random uselessness {unknown}
 w - a scroll of enchant weapon {unknown}
Potions
 e - 2 potions of berserk rage
 h - a potion of ambrosia
 o - a potion of degeneration
 q - a potion of beneficial mutation {unknown}
 t - 2 potions of curing
Comestibles
 f - 5 bread rations
 r - 2 beef jerkies


   Skills:
 - Level 3.2 Fighting
 + Level 7.4 Axes
 - Level 3.2 Armour
 - Level 2.2 Dodging
 + Level 1.0 Stealth
 + Level 3.8 Shields


You had 6 spell levels left.
You didn't know any spells.

Dungeon Overview and Level Annotations

Branches:
Dungeon (5/15)
 Temple: D:4-7

Altars:
Dithmenos
Elyvilon


Innate Abilities, Weirdness & Mutations

You are under a permanent stasis effect.
You can dig through walls and to a lower floor.
Your four strong arms can wield two-handed weapons with a shield.
You have a pair of large antennae on your head. (SInv)
You are partially covered in rugged brown scales. (AC +1, +3% HP)
Your mind is acute. (Int +2)
Your body sometimes deteriorates upon taking damage.


Message History

The orc priest is lightly wounded.
The orc priest mumbles some strange prayers to Beogh against you.
Beogh smites you!
You barely miss the orc priest.
The orc priest is lightly wounded.
The orc priest calls down the wrath of Beogh upon you.
Beogh smites you!
* * * LOW HITPOINT WARNING * * *
Your body deteriorates!
You feel clumsy.
You are too injured to fight recklessly!
You are too injured to fight recklessly!
You are too injured to fight recklessly!
You hit the orc priest. You burn the orc priest.
The orc priest is almost dead.
The orc priest hits you but does no damage.
You hit the orc priest but do no damage.
The orc priest is almost dead.
The orc priest invokes the aid of Beogh against you.
Pain shoots through your body!
You die...

#............
######+###..............
#...........##..........
#.....(.....+...........
............##.##.......
#............#.#........
........................
##.#...........†)o...###
.†.......##.....@(......
##.#.###.##..#..###...##
.#...........#..........
......#####..##.###..#.#
.#..#.# #..............
.#..#.# #.#..##.###..#.
.#.##.# #.#....... #
.#<...###.#.........
.#.#......#.#########


You could see an orc priest.

Vanquished Creatures
  The ghost of rogsnak the Sneak, an amateur SpEn (D:4)
  A hound (D:4)
  Crazy Yiuf (D:3)
  An orc priest (D:3)
  A centaur skeleton (D:4)
  An orc wizard (D:5)
  A bullfrog skeleton (D:4)
  Terence (D:2)
  2 iguanas
  2 worker ants
  2 hound skeletons (D:4)
  8 gnolls
  5 adders
  2 adder skeletons
  3 worms
  A dart slug (D:1)
  2 leopard geckos (D:1)
  4 orcs
  3 giant cockroaches
  14 goblins
  9 hobgoblins
  2 jackals (D:2)
  2 kobolds
  2 quokkas (D:3)
  4 ball pythons
  15 bats
  4 frilled lizards
  6 rats
100 creatures vanquished.

Notes
Turn   | Place    | Note
-------+----------+-------------------------------------------
     0 | D:1      | LORDOFBUTT the Formicid Fighter began the quest for the Orb.
     0 | D:1      | Reached XP level 1. HP: 18/18 MP: 1/1
   105 | D:1      | Reached XP level 2. HP: 15/24 MP: 2/2
   156 | D:1      | Reached skill level 3 in Axes
   243 | D:1      | Reached XP level 3. HP: 29/29 MP: 3/3
   798 | D:2      | Reached XP level 4. HP: 24/35 MP: 4/4
  1028 | D:2      | Noticed Terence
  1038 | D:2      | Killed Terence
  1038 | D:2      | Reached skill level 4 in Axes
  1241 | D:2      | Reached skill level 1 in Dodging
  1290 | D:2      | Found a white marble altar of Elyvilon.
  1812 | D:3      | Reached XP level 5. HP: 22/41 MP: 5/5
  1833 | D:3      | Reached skill level 1 in Stealth
  1850 | D:3      | Found a shadowy altar of Dithmenos.
  1995 | D:3      | Reached skill level 5 in Axes
  2116 | D:3      | Found a runed door.
  2469 | D:3      | Reached XP level 6. HP: 44/47 MP: 6/6
  2614 | D:3      | Noticed Crazy Yiuf
  2619 | D:3      | Killed Crazy Yiuf
  2684 | D:4      | Reached skill level 6 in Axes
  2753 | D:4      | Gained mutation: You are partially covered in rugged brown scales. (AC +1, +3% HP) [potion of mutation]
  2753 | D:4      | Gained mutation: Your mind is acute. (Int +2) [potion of mutation]
  2753 | D:4      | Gained mutation: Your body sometimes deteriorates upon taking damage. [potion of mutation]
  2756 | D:4      | Reached XP level 7. HP: 21/53 MP: 7/7
  3045 | D:4      | Noticed rogsnak's ghost (amateur SpEn)
  3060 | D:4      | Killed rogsnak's ghost
  3068 | D:4      | Reached skill level 7 in Axes
  3438 | D:5      | Entered Level 5 of the Dungeon
  3510 | D:5      | Killed from afar by an orc priest

Vault maps used:
D:1:      lightli_arrival_lavapool
D:2:      elyvilon_altar_1, uniq_terence
D:3:      nicolae_dithmenos_shadow_blocks, uniq_crazy_yiuf_cottage
D:4:      kennysheep_generic_room_14
D:5:      nicolae_ru_path_of_blood, first_bread, serial_shops,
          nicolae_shop_trees, gup_sewer_entry_bubbles

Skill      XL: |  1  2  3  4  5  6  7 |
---------------+----------------------+-----
Axes           | 3 4 5 6 7 |  7.4
Dodging        | 1 2 |  2.2
Stealth        | 1 |  1.0
Fighting       | |  3.2
Armour         | |  3.2
Shields        | |  3.8

Action                   |  1- 3 |  4- 6 |  7- 9 || total
-------------------------+-------+-------+-------++-------
Melee: War axe           |    83 |   182 |    61 ||   326
  Use: Potion            |       |     5 |     1 ||     6
  Eat: Meat ration       |       |     2 |       ||     2
Armor: Scale mail        |    34 |    68 |    17 ||   119
Dodge: Dodged            |    15 |    75 |    16 ||   106
Block: Shield            |    56 |   112 |    26 ||   194
